 Dungeon Crawl Stone Soup version 0.17.0-28-g6e173f8 (webtiles) character file.

398653 dvd the Executioner (level 23, -11/215 HPs)
             Began as a Hill Orc Gladiator on Nov 29, 2015.
             Was the Champion of Beogh.
             Mangled by a white very ugly thing (24 damage)
             ... on level 5 of the Vaults on Dec 2, 2015.
             The game lasted 09:00:09 (66055 turns).

dvd the Executioner (Hill Orc Gladiator)           Turns: 66055, Time: 09:00:10

Health: -11/215    AC: 30    Str: 17 (18) XL:     23   Next: 25%
Magic:  21/36      EV: 20    Int: 15      God:    Beogh [******]
Gold:   3616       SH:  3    Dex: 16      Spells: 9 memorised, 11 levels left

rFire  + . .     SeeInvis +     a - +9 battleaxe (flame)
rCold  + . .     Clarity  .     r - +5 ring mail {rPois}
rNeg   + + +     SustAt   .     (shield currently unavailable)
rPois  +         Gourm    .     F - +2 hat
rElec  .         Spirit   .     x - +2 cloak
rCorr  .         Warding  +     H - +2 pair of gloves
rMut   .         Stasis   .     u - +1 pair of boots of Ipehamau {rN+++ Regen+ Str-4 Slay+3}
MR     +....                    w - amulet of Zyinlut {Ward rC+ rN+ Int+4}
Stlth  ++........               T - ring of see invisible
                                i - ring of protection from fire

@: regenerating, corpse armour, somewhat resistant to hostile enchantments,
unstealthy
A: walk on water, clever 1, deterioration 1, wild magic 1
a: Smiting, Recall Orcish Followers, Give Item to Named Follower, Renounce
Religion
}: 2/15 runes: serpentine, barnacled


You were on level 5 of the Vaults.
You worshipped Beogh.
Beogh was exalted by your worship.
You were not hungry.

You visited 9 branches of the dungeon, and saw 47 of its levels.
You visited the Abyss 2 times.
You visited 1 bazaar.
You also visited: Labyrinth, Sewer and Ice Cave.

You collected 5686 gold pieces.
You spent 2070 gold pieces at shops.

Inventory:

Hand Weapons
 a - a +9 battleaxe of flaming (weapon)
 v - the +14 obsidian axe {chop, +Fly Str+3 SInv *Curse}
   (You took it off a deep elf annihilator on level 3 of the Elven Halls)

   It inflicts extra damage upon your enemies.
   It affects your strength (+3).
   It lets you see invisible.
   It lets you fly.
   It may re-curse itself when equipped.
 J - a +5 battleaxe of electrocution
 S - a +2 demon trident of electrocution
 Y - the +12 war axe "Tyhyni" {vamp, rPois}
   (You took it off a deep elf fighter on level 3 of the Elven Halls)

   It inflicts no extra harm, but heals its wielder somewhat when it strikes a
   living foe.
   It protects you from poison.
Armour
 r - a +5 ring mail of poison resistance (worn)
 u - the +1 pair of boots of Ipehamau (worn) {rN+++ Regen+ Str-4 Slay+3}
   (You bought it in a shop on level 4 of the Orcish Mines)

   It affects your strength (-4).
   It affects your accuracy and damage with ranged weapons and melee attacks
   (+3).
   It renders you almost immune to negative energy.
   It increases your rate of regeneration.
 x - a +2 cloak (worn)
 F - a +2 hat (worn)
 H - a +2 pair of gloves (worn)
 L - the +4 faerie dragon armour {rN+}
   (You took it off the Enchantress on level 2 of the Depths)

   It protects you from negative energy.
 N - a +1 shield of protection
 O - the +1 leather armour of Nuqewuph {*Corrode rElec rPois Regen+}
   (You found it on level 9 of the Dungeon)

   It insulates you from electricity.
   It protects you from poison.
   It increases your rate of regeneration.
   It may corrode your equipment when you take damage.
 Q - a +2 plate armour of cold resistance
Magical Staves
 K - an uncursed staff of air
Jewellery
 d - an uncursed ring of poison resistance
 i - a ring of protection from fire (left hand)
 o - the ring of Boyrele {rC++ rN+ MP-9 EV+2 Stlth+}
   (You took it off a minotaur in a labyrinth)

   [ring of evasion]

   It affects your evasion (+2).
   It greatly protects you from cold.
   It protects you from negative energy.
   It affects your magic capacity (-9).
   It makes you more stealthy.
 p - an uncursed amulet of clarity
 s - an uncursed ring of protection from cold
 w - the amulet of Zyinlut (around neck) {Ward rC+ rN+ Int+4}
   (You found it on level 3 of the Elven Halls)

   [amulet of warding]

   It may prevent the melee attacks of summoned creatures.
   It affects your intelligence (+4).
   It protects you from cold.
   It protects you from negative energy.
 A - the ring "Qeze Xoz" {SustAt rC- Str+5 Dex+3}
   (You found it on level 3 of the Elven Halls)

   [ring of sustain attributes]

   It sustains your strength, intelligence and dexterity.
   It affects your strength (+5).
   It affects your dexterity (+3).
   It makes you vulnerable to cold.
 B - an uncursed amulet of resist mutation
 D - an uncursed ring of protection from magic
 T - a ring of see invisible (right hand)
 X - a +3 ring of slaying
Wands
 C - a wand of teleportation (6)
 G - a wand of fire (2)
 U - a wand of teleportation (4)
 W - a wand of draining (3)
 Z - a wand of digging (9)
Scrolls
 b - 7 scrolls of remove curse
 c - 5 scrolls of blinking
 g - a scroll of brand weapon
 l - 22 scrolls of identify
 q - 7 scrolls of recharging
 M - 4 scrolls of magic mapping
 P - 2 scrolls of amnesia
Potions
 h - 2 potions of resistance
 t - 10 potions of brilliance
 y - 3 potions of berserk rage
 E - a potion of agility
 R - 3 potions of curing
Books
 k - a Necronomicon

   Spells                             Type                      Level
   a - Haunt                          Necromancy/Summoning         7
   b - Borgnjor's Revivification      Necromancy                   8
   c - Death's Door                   Charms/Necromancy            8
   d - Necromutation                  Transmutation/Necromancy     8
 z - Ucitorchar's Catalogue of Confrontation and Poison
   (You found it on level 2 of the Depths)

   Spells                             Type                      Level
   a - Sting                          Conjuration/Poison           1
   b - Mephitic Cloud                 Conjuration/Poison/Air       3
   c - Spider Form                    Transmutation/Poison         3
   d - Sticky Flame                   Conjuration/Fire             4
   e - Fireball                       Conjuration/Fire             5
 I - a book of Death

   Spells                             Type                      Level
   a - Corpse Rot                     Necromancy                   2
   b - Sublimation of Blood           Necromancy                   2
   c - Agony                          Necromancy                   5
   d - Dispel Undead                  Necromancy                   5
   e - Excruciating Wounds            Charms/Necromancy            5
   f - Bolt of Draining               Conjuration/Necromancy       5
Comestibles
 e - 33 bread rations
 V - 3 meat rations


   Skills:
 * Level 19.6 Fighting
 * Level 25.2(25.3) Axes
   Level 4.8(15.6) Maces & Flails
 - Level 1.9 Throwing
 * Level 15.4 Armour
 * Level 14.6 Dodging
 - Level 4.0 Stealth
 + Level 9.9 Spellcasting
 + Level 5.5 Charms
 + Level 13.1 Necromancy
   Level 1.2 Transmutations
   Level 2.1 Earth Magic
 + Level 9.1 Invocations
 + Level 2.1 Evocations


You had 11 spell levels left.
You knew the following spells:

 Your Spells              Type           Power        Failure   Level  Hunger
a - Pain                  Necr           ####         1%          1    None
b - Cigotuvi's Embrace    Necr           ######....   5%          5    #####..
c - Vampiric Draining     Necr           ######....   1%          3    #......
d - Regeneration          Chrm/Necr      ######....   3%          3    #......
e - Cure Poison           Pois           ##........   43%         2    None
f - Animate Dead          Necr           N/A          3%          4    ###....
g - Dispel Undead         Necr           ######..     5%          5    #####..
h - Corpse Rot            Necr           N/A          1%          2    None
i - Agony                 Necr           ######..     5%          5    #####..


Dungeon Overview and Level Annotations

Branches:
Dungeon (15/15)            Temple (1/1) D:6            Lair (8/8) D:10
 Shoals (4/4) Lair:6        Snake (4/4) Lair:6        Slime (0/6) Lair:6
    Orc (4/4) D:10            Elf (3/3) Orc:3        Vaults (5/5) D:14
  Crypt (0/3) Vaults:2     Depths (3/5) D:15

Altars:
Ashenzari
Cheibriados
Dithmenos
Elyvilon
Fedhas
Gozag
Kikubaaqudgha
Makhleb
Nemelex Xobeh
Okawaru
Qazlal
Ru
Sif Muna
Trog
Vehumet
Xom
Yredelemnul
Zin
The Shining One
Beogh
Jiyva

Shops:
D:7 :   D:9 *   D:13 }   D:14 *   Orc:1 }:   Orc:4 *[[(   Vaults:1 *
Vaults:2 *   Vaults:3 :   Vaults:4 *   Depths:1 (?((

Portals:
Hell: Depths:1 Depths:2 Depths:3
Pandemonium: Depths:3
Ziggurat: Depths:3
Trove: D:15 (give 13 potions of heal wounds)

Annotations:
D:8 Prince Ribbit


Innate Abilities, Weirdness & Mutations

You can walk on water.
Your mind is acute. (Int +2)
Your body sometimes deteriorates upon taking damage.
Your spells are a little harder to cast, but a little more powerful.


Message History

Your orc priest hits the white very ugly thing with a hand axe.
Your orc priest casts a cantrip, but nothing happens.
The white very ugly thing tentacle-slaps you but does no damage.
Unknown command.
You barely miss the white very ugly thing.
The white very ugly thing is lightly wounded.
Unknown command.
You closely miss the white very ugly thing.
The white very ugly thing is lightly wounded.
Your orc priest completely misses the white very ugly thing.
The white very ugly thing completely misses you.
Your orc wizard casts a spell at the white very ugly thing.
The white very ugly thing easily resists.
You slice the white very ugly thing!! You burn the white very ugly thing!
The white very ugly thing is heavily wounded.
Your orc priest looks braver for a moment.
The white very ugly thing tentacle-slaps you!
* * * LOW HITPOINT WARNING * * *
The white very ugly thing freezes you!! You resist.
You die...

#..#
#..#
#..#
#..#
#..#
#..#
#..#
#o.#
#@o#
#u)#
#.o#
#..#
#..#
#..#
...#
...#


You could see a white very ugly thing, 2 friendly orc priests and a friendly orc
wizard.

Vanquished Creatures
  Mennas (Vaults:4)
  A juggernaut (Depths:3)
  Vashnia (Snake:3)
  A caustic shrike (Depths:3)
  the Enchantress (Depths:2)
  Jorgrun (Elf:2)
  A tentacled monstrosity (Depths:3)
  A titan (Vaults:5)
  A deep elf blademaster (Elf:3)
  A quicksilver dragon (Vaults:5)
  A deep elf master archer (Elf:3)
  2 liches
  2 krakens
  A shadow dragon (Depths:3)
  Kirke (Snake:3)
  An ancient champion (Vaults:2)
  2 tengu reavers
  Ilsuiw (Shoals:4)
  5 greater nagas
  Wiglaf (Vaults:4)
  An azure jelly (shapeshifter) (Depths:3)
  2 fire giants (Vaults:3)
  A frost giant (Depths:3)
  3 deep elf sorcerers
  5 vault wardens
  9 stone giants
  5 spriggan defenders
  3 ironheart preservers
  7 very ugly things
  6 deep elf annihilators (Elf:3)
  2 deep elf demonologists (Elf:3)
  6 ettins
  4 merfolk javelineers
  4 deep elf death magi (Elf:3)
  A jiangshi (Depths:3)
  A minotaur (Lab)
  6 vault guards
  5 merfolk impalers
  5 yaktaur captains
  3 fire dragons
  2 deep elf high priests
  9 ogre magi
  4 rakshasas
  2 great orbs of eyes (Vaults:1)
  3 hydras
  3 entropy weavers
  7 naga warriors
  Erolcha (D:9)
  2 merfolk avatars
  5 centaur warriors
  2 ice dragons (Depths:3)
  4 spriggan air magi (Depths:2)
  7 anacondas
  An alligator snapping turtle (Shoals:1)
  3 merfolk aquamancers (Shoals:4)
  3 deep troll shamans (Depths:1)
  4 satyrs (Shoals:4)
  6 tengu warriors
  2 vampire magi
  3 dancing weapons (Elf:2)
  4 deep troll earth magi (Depths:1)
  15 death yaks
  2 small abominations
  7 naga sharpshooters
  2 hell knights (Depths:3)
  7 spriggan berserkers
  An iron troll (Depths:1)
  5 shock serpents
  2 shadow wraiths
  A sun demon (Depths:3)
  A wizard (Depths:1)
  8 deep elf knights
  4 unseen horrors
  2 giant orange brains (Depths:3)
  7 spriggan druids (Depths:2)
  9 deep trolls
  6 deep elf summoners
  4 naga ritualists
  9 ironbrand convokers
  14 sea snakes
  2 flayed ghosts
  The ghost of MordorOrchid the Thaumaturge, a novice DEFE of Sif Muna (D:7)
  Pikel (D:4)
  14 deep elf conjurers
  4 mana vipers
  19 harpies
  4 necromancers
  2 orc knights
  9 hill giants
  2 harpies (shapeshifter)
  4 griffons
  A wolf spider (Vaults:2)
  5 salamanders
  7 ugly things
  5 cyclopes
  A hornet (Vaults:1)
  14 fauns
  A moth of wrath (shapeshifter) (D:15)
  4 water nymphs
  3 elephants
  An orc sorcerer (D:13)
  6 sirens
  18 black mambas
  2 fire drakes (Lair:2)
  An oklob plant (Lair:7)
  Joseph (D:7)
  2 guardian serpents
  2 large abominations (Elf:3)
  A spiny frog (shapeshifter) (Vaults:4)
  6 vault sentinels
  6 spiny frogs
  4 komodo dragons
  8 naga magi
  2 gargoyles (D:12)
  14 yaktaurs
  9 tengu conjurers
  A komodo dragon (shapeshifter) (Vaults:3)
  2 queen bees (shapeshifter)
  6 trolls
  An efreet (D:15)
  5 jumping spiders
  21 merfolk
  3 freezing wraiths
  2 polar bears (Lair:2)
  A troll (shapeshifter) (D:8)
  3 wind drakes (Shoals:1)
  A blink frog (shapeshifter) (Vaults:3)
  7 deep elf priests
  23 two-headed ogres
  4 snapping turtles
  7 boulder beetles
  7 slime creatures
  4 blink frogs
  A stone giant simulacrum (Vaults:1)
  2 redbacks (shapeshifter)
  A human (D:7)
  A wraith (Vaults:2)
  3 shadows
  2 wyverns
  18 deep elf magi
  9 redbacks
  2 centaur simulacra (D:14)
  34 spriggans
  3 basilisks
  7 water elementals
  38 yaks
  2 tarantellas
  3 hogs
  A hungry ghost (D:13)
  4 hippogriffs
  A soldier ant (D:9)
  3 wargs
  3 mottled dragons
  19 deep elf fighters
  30 nagas
  3 vampire mosquitoes
  6 wolves
  5 phantoms
  10 water moccasins
  2 eyes of draining
  5 porcupines
  4 sky beasts
  6 ice beasts
  A black bear (shapeshifter) (Depths:3)
  A necrophage (D:8)
  A trapdoor spider simulacrum (D:14)
  5 black bears
  An eye of draining (shapeshifter) (Depths:2)
  6 orc warriors
  A sky beast (shapeshifter) (Depths:1)
  14 wasps
  2 spiders (Lair:8)
  19 centaurs
  47 ogres
  7 crocodiles
  A big kobold (D:10)
  An elf zombie (Elf:3)
  20 giant frogs
  A gnoll sergeant (D:6)
  2 scorpions
  7 electric eels
  17 killer bees
  An elf simulacrum (Vaults:3)
  7 wights
  4 orc priests
  4 crimson imps
  4 centaur skeletons
  4 jellies
  13 orc wizards
  A giant frog zombie (D:13)
  2 centaur zombies
  10 worker ants
  2 giant frog skeletons
  2 quasits
  8 hounds
  4 iguanas
  17 sheep
  A hound skeleton (D:7)
  22 gnolls
  2 worker ant zombies
  9 adders
  7 river rats
  2 shadow imps
  6 white imps
  An ufetubus (D:14)
  An ooze (D:1)
  An adder skeleton (D:4)
  An adder zombie (D:7)
  2 worms (D:2)
  13 giant geckos
  31 orcs
  10 bats
  6 bat skeletons (Depths:2)
  19 giant cockroaches
  6 goblins
  6 hobgoblins
  6 jackals
  19 kobolds
  9 quokkas
  4 ball pythons
  A giant gecko skeleton (D:4)
  10 giant newts
  A jackal zombie (D:7)
  2 quokka zombies (D:7)
  13 rats
  3 bushes
  2 crawling corpses (Elf:1)
  2 fungi (Lair:8)
  25 plants
  A tentacle (Shoals:3)
1282 creatures vanquished.

Vanquished Creatures (collateral kills)
  Norris (Snake:4)
  A caustic shrike (Depths:3)
  A deep elf blademaster (Elf:3)
  A sphinx (Depths:3)
  A kraken (Shoals:3)
  Frances (D:14)
  5 greater nagas
  3 fire giants
  A frost giant (Depths:3)
  2 vault wardens
  4 deep elf sorcerers
  Louise (Shoals:4)
  A spriggan defender (Depths:2)
  12 ironheart preservers
  A very ugly thing (Depths:3)
  4 stone giants
  5 deep elf annihilators (Elf:3)
  An ettin (Vaults:1)
  Snorg (D:11)
  6 fire dragons
  3 deep elf death magi
  3 merfolk impalers
  A jiangshi (Depths:3)
  Josephine (Lair:7)
  A deep elf high priest (Elf:3)
  8 hydras
  An ice dragon (Depths:3)
  7 vault guards
  An entropy weaver (Depths:3)
  2 rakshasas
  14 naga warriors
  3 yaktaur captains
  2 merfolk avatars (Shoals:4)
  7 ogre magi
  11 anacondas
  2 satyrs (Shoals:4)
  18 dancing weapons
  2 deep troll shamans (Depths:3)
  A tengu warrior (Depths:3)
  4 centaur warriors
  5 death yaks
  A deep troll earth mage (Depths:1)
  12 naga sharpshooters
  5 shock serpents
  A vampire mage (Vaults:2)
  Sonja (D:14)
  7 deep elf knights
  A shadow wraith (Vaults:3)
  2 small abominations (Elf:3)
  A fire crab (Vaults:3)
  A skeletal warrior (Vaults:1)
  12 sea snakes
  4 orc knights
  A deep troll (Depths:1)
  8 deep elf summoners
  An anubis guard (shapeshifter) (Depths:1)
  6 naga ritualists
  2 unseen horrors
  15 harpies
  10 hill giants
  A necromancer (Elf:3)
  15 ugly things
  2 griffons
  4 ironbrand convokers
  3 deep elf conjurers
  3 wolf spiders
  8 manticores
  A manticore (shapeshifter) (Vaults:4)
  A salamander (shapeshifter) (Vaults:2)
  10 mana vipers
  A hornet (Lair:8)
  2 orc sorcerers (Orc:2)
  8 fauns (Shoals:4)
  10 salamanders
  5 sirens
  6 cyclopes
  Maurice (D:9)
  5 vault sentinels
  28 black mambas
  5 elephants
  9 guardian serpents
  2 centaur zombies
  11 spiny frogs
  A torpor snail (Lair:4)
  17 naga magi
  2 gargoyles
  A komodo dragon (shapeshifter) (Depths:2)
  A centaur skeleton (D:15)
  3 freezing wraiths
  4 komodo dragons
  15 yaktaurs
  A fire drake (Lair:7)
  5 merfolk
  A queen bee (D:11)
  8 deep elf priests
  4 trolls
  A wind drake (Shoals:4)
  2 large abominations (Elf:3)
  3 polar bears
  9 blink frogs
  10 two-headed ogres
  3 jumping spiders
  A jumping spider (shapeshifter) (D:14)
  7 boulder beetles
  A sphinx simulacrum (Vaults:2)
  7 slime creatures
  A centaur simulacrum (D:14)
  7 water elementals
  2 redbacks (Vaults:2)
  6 snapping turtles
  9 spriggans
  4 shadows
  11 deep elf magi
  A trapdoor spider (D:13)
  A hog (shapeshifter) (Depths:1)
  4 wraiths
  26 yaks
  6 hippogriffs
  A hippogriff (shapeshifter) (Depths:3)
  2 basilisks
  13 deep elf fighters
  Grum (D:11)
  A steam dragon (Lair:3)
  A hungry ghost (D:14)
  44 nagas
  5 wargs
  6 wolves
  10 porcupines
  14 water moccasins
  2 mottled dragons
  3 vampire mosquitoes (Vaults:2)
  6 wasps
  A trapdoor spider simulacrum (D:14)
  5 spiders (Lair:8)
  An ice beast (D:14)
  8 centaurs
  3 sky beasts
  4 black bears
  6 orc warriors
  24 ogres
  7 crocodiles
  A big kobold (D:14)
  8 giant frogs
  An elf zombie (Elf:3)
  A gnoll sergeant (D:11)
  7 killer bees
  2 electric eels
  A wight (D:15)
  5 crimson imps
  3 orc priests
  6 orc wizards
  7 hounds (D:10)
  4 worker ants
  18 sheep
  5 gnolls
  8 river rats
  4 adders (Lair:8)
  A shadow imp (D:15)
  7 white imps (Lair:3)
  2 ufetubi
  20 orcs
  2 kobolds
  7 bushes
  4 crawling corpses
  A fire vortex (Vaults:4)
  40 fungi
  63 plants
  A tentacle (Shoals:3)
  A tentacle segment (Shoals:3)
965 creatures vanquished.

Vanquished Creatures (others)
  7 orc warlords
  19 orc knights
  A salamander stormcaller (Vaults:4)
  An ogre mage (Vaults:4)
  3 orc sorcerers
  3 orc high priests
  A deep elf knight (Elf:2)
  An unseen horror (shapeshifter) (Vaults:4)
  23 orc warriors
  A harpy (Shoals:4)
  A boulder beetle (Vaults:4)
  A deep elf priest (Elf:2)
  A deep elf fighter (Elf:2)
  4 humans (Snake:3)
  A vampire mosquito (Vaults:3)
  A naga (Snake:3)
  2 ogres
  10 orc priests
  12 orc wizards
  96 orcs
  A jackal (D:4)
  A quokka (D:4)
  16 fungi
  27 plants
  10 tentacles
  51 tentacle segments
295 creatures vanquished.

Grand Total: 2542 creatures vanquished

Notes
Turn   | Place    | Note
--------------------------------------------------------------
     0 | D:1      | dvd the Hill Orc Gladiator began the quest for the Orb.
     0 | D:1      | Reached XP level 1. HP: 18/18 MP: 1/1
   111 | D:1      | Reached XP level 2. HP: 22/25 MP: 2/2
   543 | D:1      | Reached XP level 3. HP: 30/30 MP: 3/3
   837 | D:2      | Reached skill level 1 in Armour
   892 | D:2      | Reached XP level 4. HP: 29/37 MP: 4/4
  1188 | D:2      | Reached skill level 5 in Axes
  1562 | D:3      | Reached XP level 5. HP: 45/45 MP: 5/5
  1947 | D:3      | Found a glowing silver altar of Zin.
  1947 | D:3      | Found a sacrificial altar of Ru.
  1954 | D:3      | Found a sparkling altar of Nemelex Xobeh.
  1956 | D:3      | Found a burning altar of Makhleb.
  2110 | D:4      | Reached XP level 6. HP: 37/52 MP: 6/6
  2319 | D:4      | Noticed an ogre
  2326 | D:4      | Killed an ogre
  2446 | D:4      | Reached skill level 6 in Axes
  2546 | D:4      | Noticed a phantom
  2607 | D:4      | Killed a phantom
  2607 | D:4      | Reached XP level 7. HP: 14/60 MP: 7/7
  2789 | D:4      | Noticed a centaur
  2800 | D:4      | Killed a centaur
  2943 | D:4      | Noticed an ogre
  2947 | D:4      | Became a worshipper of Beogh the Brigand
  2949 | D:4      | Killed an ogre
  3069 | D:4      | Noticed Pikel
  3069 | D:4      | Noticed a slave
  3070 | D:4      | Noticed a slave
  3071 | D:4      | Noticed a slave
  3071 | D:4      | Noticed a slave
  3092 | D:4      | Killed Pikel
  3092 | D:4      | Reached skill level 5 in Fighting
  3092 | D:4      | Reached skill level 7 in Axes
  3092 | D:4      | Reached skill level 5 in Dodging
  3092 | D:4      | Reached skill level 1 in Evocations
  3092 | D:4      | Reached XP level 8. HP: 42/70 MP: 8/8
  3363 | D:5      | Entered Level 5 of the Dungeon
  3376 | D:5      | Found a glowing drain.
  3623 | Sewer    | Entered a sewer
  3639 | Sewer    | Reached * piety under Beogh
  3757 | Sewer    | Reached skill level 1 in Maces & Flails
  4026 | D:5      | Learned a level 1 spell: Pain
  4112 | D:5      | Reached skill level 8 in Axes
  4112 | D:5      | Reached skill level 1 in Stealth
  4217 | D:5      | Found a sacrificial altar of Ru.
  4236 | D:5      | Reached XP level 9. HP: 64/75 MP: 10/10
  4647 | D:6      | Found a burning altar of Makhleb.
  4681 | D:6      | Found a staircase to the Ecumenical Temple.
  4690 | Temple   | Entered the Ecumenical Temple
  5100 | D:6      | Found a shadowy altar of Dithmenos.
  5278 | D:6      | Found an ancient bone altar of Kikubaaqudgha.
  5326 | D:6      | Reached skill level 1 in Necromancy
  5700 | D:6      | Reached ** piety under Beogh
  5974 | D:7      | Noticed Joseph
  6199 | D:6      | Gained mutation: Your body sometimes deteriorates upon taking damage. [potion of mutation]
  6199 | D:6      | Gained mutation: Your mind is acute. (Int +2) [potion of mutation]
  6199 | D:6      | Gained mutation: Your spells are a little harder to cast, but a little more powerful. [potion of mutation]
  6240 | D:7      | Killed Joseph
  6240 | D:7      | Reached skill level 9 in Axes
  6444 | D:7      | Noticed MordorOrchid's ghost (novice DEFE)
  6517 | D:7      | Killed MordorOrchid's ghost
  6517 | D:7      | Reached skill level 1 in Spellcasting
  6792 | D:7      | Reached skill level 5 in Armour
  6798 | D:7      | Reached XP level 10. HP: 50/86 MP: 11/11
  7194 | D:7      | Found a white marble altar of Elyvilon.
  7604 | D:7      | Found Erixt's Book Shop.
  8059 | D:8      | Reached skill level 1 in Invocations
  8738 | D:8      | Noticed Prince Ribbit
  8895 | D:8      | Reached skill level 5 in Necromancy
  8899 | D:8      | Learned a level 1 spell: Animate Skeleton
  8967 | D:8      | Noticed a hill giant
  8978 | D:8      | Killed a hill giant
  9194 | D:8      | Noticed a hill giant
  9590 | D:8      | Reached skill level 10 in Axes
 10175 | D:9      | Reached XP level 11. HP: 22/94 MP: 14/14
 10476 | D:9      | Reached *** piety under Beogh
 10559 | D:9      | Got a steaming leather armour
 10778 | D:9      | Noticed Erolcha
 10805 | D:9      | Killed Erolcha
 10869 | D:9      | Found Teoclus's Assorted Antiques.
 11234 | D:9      | Learned a level 3 spell: Vampiric Draining
 11281 | D:9      | Found a radiant altar of Vehumet.
 11308 | D:9      | Noticed Maurice
 11776 | D:9      | Killed Maurice
 11818 | D:10     | Entered Level 10 of the Dungeon
 11911 | D:10     | Found a staircase to the Lair.
 11918 | D:10     | Noticed a hill giant
 12441 | D:10     | Noticed a hill giant
 12458 | D:10     | Killed a hill giant
 12523 | D:10     | Killed a hill giant
 12724 | D:10     | Noticed a hill giant
 12746 | D:10     | Killed a hill giant
 12869 | D:10     | Found a staircase to the Orcish Mines.
 13147 | Orc:1    | Entered Level 1 of the Orcish Mines
 13248 | D:10     | Reached skill level 11 in Axes
 13809 | D:10     | Reached **** piety under Beogh
 13814 | D:10     | Reached XP level 12. HP: 83/104 MP: 16/16
 14084 | Orc:1    | Found Ziodiminn's Book Boutique.
 14177 | Orc:1    | Found a roughly hewn altar of Beogh.
 14190 | Orc:1    | Found Leurpheu's Gadget Boutique.
 14382 | Lair:1   | Entered Level 1 of the Lair of Beasts
 14393 | Lair:1   | Noticed a six-headed hydra
 14401 | Lair:1   | Killed a six-headed hydra
 14721 | Lair:1   | Identified the +1 leather armour of Nuqewuph {*Corrode rElec rPois Regen+} (You found it on level 9 of the Dungeon)
 14821 | Lair:1   | Gained Ugbert as an ally
 15733 | Lair:2   | Noticed a five-headed hydra
 15741 | Lair:2   | Killed a five-headed hydra
 15812 | Lair:2   | Reached ***** piety under Beogh
 16893 | Lair:2   | Reached skill level 12 in Axes
 17525 | Lair:3   | Reached skill level 10 in Fighting
 17530 | Lair:3   | Found a frozen archway.
 17612 | IceCv    | Entered an ice cave
 18040 | Lair:3   | Gained Bolgrim as an ally
 18149 | Lair:3   | Noticed a seven-headed hydra
 18151 | Lair:3   | Noticed a five-headed hydra
 18157 | Lair:3   | Killed a seven-headed hydra
 18157 | Lair:3   | Reached XP level 13. HP: 79/113 MP: 14/18
 18162 | Lair:3   | Killed a six-headed hydra
 19038 | Lair:4   | Found a glowing golden altar of the Shining One.
 19117 | Lair:4   | Gained Syrus as an ally
 19149 | Lair:4   | Reached skill level 13 in Axes
 19150 | Lair:4   | Your ally Syrus died
 19812 | Lair:4   | Learned a level 3 spell: Regeneration
 20189 | Lair:5   | Found an opulent altar of Gozag.
 20445 | Lair:5   | Reached skill level 5 in Invocations
 21164 | Lair:6   | Found a staircase to the Shoals.
 21222 | Lair:6   | Learned a level 2 spell: Stoneskin
 21227 | Lair:6   | Learned a level 4 spell: Animate Dead
 21232 | Lair:6   | Learned a level 4 spell: Control Undead
 21353 | Lair:6   | Reached skill level 1 in Charms
 21387 | Lair:6   | Found a viscous altar of Jiyva.
 21387 | Lair:6   | Found a staircase to the Slime Pits.
 21452 | Lair:6   | Found a staircase to the Snake Pit.
 22042 | Lair:7   | Found a burning altar of Makhleb.
 22121 | Lair:7   | Found a labyrinth entrance.
 22143 | Lab      | Entered a labyrinth
 22597 | Lab      | Noticed a minotaur
 22605 | Lab      | Killed a minotaur
 22609 | Lab      | Got a pitted amber ring
 22611 | Lab      | Identified the ring of Boyrele {rC++ rN+ MP-9 EV+2 Stlth+} (You took it off a minotaur in a labyrinth)
 22654 | Lab      | Identified Uxzeo's Reference Book on the Doomed Entourage (You found it in a labyrinth)
 22729 | Lair:7   | Identified a scroll of acquirement
 23165 | Lair:7   | Reached skill level 14 in Axes
 23701 | Lair:7   | Reached XP level 14. HP: 125/125 MP: 11/20
 23779 | Lair:7   | Noticed Josephine
 23792 | Lair:7   | Killed Josephine
 24079 | Lair:8   | Entered Level 8 of the Lair of Beasts
 24127 | Lair:8   | Reached skill level 1 in Earth Magic
 24631 | Lair:8   | Gained Beowulf as an ally
 24669 | Lair:8   | Reached ****** piety under Beogh
 24788 | Lair:8   | Gained Worak as an ally
 25166 | Lair:8   | Reached skill level 10 in Dodging
 25301 | Lair:8   | Reached skill level 5 in Spellcasting
 25906 | D:11     | Noticed Snorg
 25909 | D:11     | Noticed Grum
 25912 | D:11     | Killed Snorg
 25915 | D:11     | Killed Grum
 26120 | D:11     | Reached skill level 15 in Axes
 27383 | D:13     | Found Uvoaloav's Quality Used Wands.
 28293 | D:14     | Found a gate to the Vaults.
 28296 | D:14     | Noticed Sonja
 28305 | D:14     | Noticed Frances
 28307 | D:14     | Found Jeor's Assorted Antiques.
 28342 | D:14     | Gained Marbaugh as an ally
 28436 | D:14     | Killed Sonja
 28553 | D:14     | Killed Frances
 28553 | D:14     | Reached XP level 15. HP: 127/134 MP: 8/23
 29143 | D:14     | Gained Morbeogh as an ally
 29166 | D:14     | Reached skill level 16 in Axes
 29608 | Snake:1  | Entered Level 1 of the Snake Pit
 31159 | Snake:2  | Noticed a greater naga
 31162 | Snake:2  | Killed a greater naga
 31287 | Snake:2  | Gained Boderik as an ally
 31330 | Snake:2  | Your ally Ugbert died
 31383 | Snake:2  | Gained Marbaugh as an ally
 31619 | Snake:2  | Reached skill level 10 in Necromancy
 31922 | Snake:2  | Noticed a greater naga
 31931 | Snake:2  | Killed a greater naga
 32434 | Snake:3  | Noticed Vashnia
 33167 | Snake:3  | Reached XP level 16. HP: 117/144 MP: 15/26
 33513 | Snake:3  | Reached skill level 10 in Armour
 33718 | Snake:3  | Killed Vashnia
 34053 | Snake:3  | Noticed a greater naga
 34062 | Snake:3  | Killed a greater naga
 34182 | Snake:3  | Reached skill level 17 in Axes
 34758 | Snake:3  | Noticed Kirke
 34766 | Snake:3  | Killed Kirke
 34998 | Snake:4  | Entered Level 4 of the Snake Pit
 35258 | Snake:3  | Learned a level 5 spell: Cigotuvi's Embrace
 35302 | Snake:4  | Noticed Norris
 35309 | Snake:4  | Your ally Morbeogh died
 35644 | Snake:4  | Reached skill level 1 in Transmutations
 35655 | Snake:4  | Paralysed by something for 4 turns
 35664 | Snake:4  | Paralysed by something for 5 turns
 35841 | Snake:3  | Your ally Marbaugh died
 35892 | Snake:4  | Paralysed by Norris for 3 turns
 35901 | Snake:4  | Killed Norris
 36475 | Orc:1    | Found a bloodstained altar of Trog.
 37088 | D:8      | Killed a hill giant
 37257 | D:15     | Entered Level 15 of the Dungeon
 37279 | D:15     | Gained Rocco as an ally
 37283 | D:15     | Reached XP level 17. HP: 118/154 MP: 19/28
 37523 | D:15     | Your ally Rocco died
 37751 | D:15     | Found a staircase to the Depths.
 37771 | D:15     | Reached skill level 18 in Axes
 38001 | D:15     | Found a portal to a secret trove of treasure.
 38893 | Snake:4  | Reached skill level 15 in Fighting
 39166 | Snake:4  | Your ally Beowulf died
 39875 | Snake:4  | Got a serpentine rune of Zot
 40438 | Orc:3    | Found a staircase to the Elven Halls.
 40714 | Orc:3    | Found a roughly hewn altar of Beogh.
 40925 | Elf:1    | Entered Level 1 of the Elven Halls
 41079 | Elf:1    | Gained Geork as an ally
 41539 | Elf:1    | Reached skill level 19 in Axes
 41644 | Elf:1    | Reached XP level 18. HP: 64/163 MP: 16/29
 41938 | Elf:1    | Identified the Disquisition on Confrontation and the Compass (You found it on level 1 of the Elven Halls)
 41950 | Elf:1    | Learned a level 5 spell: Dispel Undead
 42051 | Elf:2    | Cast into the Abyss (a deep elf sorcerer)
 42079 | Elf:2    | Escaped the Abyss
 42194 | Elf:2    | Found Mesi's Gadget Emporium.
 42473 | Elf:2    | Learned a level 2 spell: Corpse Rot
 42548 | Elf:2    | Found a runed gate.
 42549 | Elf:2    | Found a runed gate.
 42553 | Elf:2    | Found a runed gate.
 42820 | Vaults:1 | Entered Level 1 of the Vaults
 42828 | Vaults:1 | Found Gazxoex's Assorted Antiques.
 43215 | Vaults:1 | Gained Korbok as an ally
 43298 | Vaults:1 | Your ally Geork died
 43519 | Vaults:1 | Gained Bogmar as an ally
 44165 | Vaults:1 | Reached skill level 20 in Axes
 44877 | Vaults:2 | Gained Zartorak as an ally
 45396 | Vaults:2 | Reached XP level 19. HP: 143/173 MP: 22/31
 46039 | Vaults:2 | Found Hyohotyurph's General Store.
 46116 | Vaults:2 | Identified Roxanne's Grimoire of Earthen Transmutation (You found it on level 2 of the Vaults)
 46205 | Vaults:2 | Your ally Korbok died
 46231 | Vaults:2 | Your ally Zartorak died
 46328 | Vaults:2 | Found a staircase to the Crypt.
 47233 | Vaults:3 | Your ally Bogmar died
 47645 | Vaults:3 | Found Pudim's Book Shop.
 47658 | Vaults:3 | Learned a level 5 spell: Agony
 48607 | Vaults:4 | Got a jewelled hand crossbow
 48608 | Vaults:4 | Identified the +5 hand crossbow of Backacw {elec, *Drain rF+ rC+} (You found it on level 4 of the Vaults)
 48667 | Vaults:4 | Noticed Wiglaf
 48681 | Vaults:4 | Killed Wiglaf
 48710 | Vaults:4 | Your ally Worak died
 48710 | Vaults:4 | Your ally Boderik died
 48712 | Vaults:4 | Reached skill level 21 in Axes
 48735 | Vaults:4 | Gained Syrus as an ally
 48814 | Vaults:4 | Noticed Mennas
 48841 | Vaults:4 | Killed Mennas
 48995 | Vaults:4 | Your ally Wiglaf died
 49896 | Vaults:4 | Found Umevydgha's Assorted Antiques.
 49906 | Vaults:4 | Bought a sapphire-studded chain mail for 456 gold pieces
 49917 | Vaults:4 | Identified the cursed +1 chain mail of Vuvesa {Stlth+} (You bought it in a shop on level 4 of the Vaults)
 50004 | Vaults:4 | Gained Orgrim as an ally
 50675 | Elf:2    | Gained Bogrim as an ally
 50678 | Elf:2    | Reached XP level 20. HP: 170/184 MP: 20/32
 50686 | Elf:2    | Noticed Jorgrun
 50690 | Elf:2    | Your ally Orgrim died
 50694 | Elf:2    | Your ally Syrus died
 50699 | Elf:2    | Killed Jorgrun
 50708 | Elf:2    | Your ally Marbaugh died
 50724 | Elf:2    | Your ally Bolgrim died
 51114 | Orc:4    | Entered Level 4 of the Orcish Mines
 51473 | Orc:4    | Found Noclulafiepp's General Store.
 51493 | Orc:4    | Gained Alork as an ally
 51494 | Orc:4    | Found Juruy's Antique Armour Shop.
 51499 | Orc:4    | Gained Boruk as an ally
 51514 | Orc:4    | Found Qutell's Antique Armour Emporium.
 51524 | Orc:4    | Found Sokuaz's Antique Weapon Boutique.
 51552 | Orc:4    | Bought the +1 pair of boots of Ipehamau {rN+++ Regen+ Str-4 Slay+3} for 667 gold pieces
 51582 | Orc:4    | Bought a faintly glowing chain mail for 304 gold pieces
 51592 | Orc:4    | Identified the cursed +1 chain mail "Lelik" {-Tele rF+ Int+9} (You bought it in a shop on level 4 of the Orcish Mines)
 51695 | Orc:4    | Bought a scroll of enchant weapon for 120 gold pieces
 52415 | Elf:3    | Entered Level 3 of the Elven Halls
 52509 | Elf:3    | Gained Oruk as an ally
 52764 | Elf:3    | Identified Cigotuvi's Disquisition on Unholy Secrets (You found it on level 3 of the Elven Halls)
 53327 | Elf:3    | Reached skill level 22 in Axes
 53389 | Elf:3    | Your ally Boruk died
 53415 | Elf:3    | Your ally Alork died
 53587 | Elf:3    | Cast into the Abyss (a deep elf sorcerer)
 53587 | Abyss:1  | Found a corrupted altar of Lugonu.
 53649 | Elf:3    | Escaped the Abyss
 53711 | Elf:3    | Got a fine leather armour
 54098 | Elf:3    | Got a pitted iron amulet
 54100 | Elf:3    | Identified the amulet of Zyinlut {Ward rC+ rN+ Int+4} (You found it on level 3 of the Elven Halls)
 54108 | Elf:3    | Identified Uliss's Tome of Unholy Feathers (You found it on level 3 of the Elven Halls)
 54132 | Elf:3    | Identified the +2 leather armour of the Engineer {MP+9 Int+3} (You took it off a deep elf annihilator on level 3 of the Elven Halls)
 54231 | Elf:3    | Got a bronze scale mail
 54242 | Elf:3    | Identified the +5 scale mail "Gioqunipn" {Regen+} (You found it on level 3 of the Elven Halls)
 54293 | Elf:3    | Got a transparent leather armour
 54304 | Elf:3    | Identified the +2 leather armour "Ivauts" {Str+3} (You found it on level 3 of the Elven Halls)
 54350 | Elf:3    | Got a twitching bronze ring
 54354 | Elf:3    | Identified the ring "Qeze Xoz" {SustAt rC- Str+5 Dex+3} (You found it on level 3 of the Elven Halls)
 54439 | Elf:3    | Identified a +4 rod of shadows (13/13) (You found it on level 3 of the Elven Halls)
 54448 | Elf:3    | Got an ancient war axe {vamp}
 54449 | Elf:3    | Identified the +12 war axe "Tyhyni" {vamp, rPois} (You took it off a deep elf fighter on level 3 of the Elven Halls)
 54975 | Orc:4    | Bought a potion of resistance for 160 gold pieces
 54975 | Orc:4    | Bought a potion of curing for 48 gold pieces
 55238 | Lair:4   | Gained Herok as an ally
 55309 | Shoals:1 | Entered Level 1 of the Shoals
 55328 | Shoals:1 | Gained Borgun as an ally
 55609 | Shoals:1 | Got a smoking leather armour
 55620 | Shoals:1 | Identified the +3 leather armour of Paranoia {Regen+ Str+6 Int-3} (You found it on level 1 of the Shoals)
 56294 | Shoals:2 | Reached XP level 21. HP: 174/193 MP: 31/34
 56301 | Shoals:2 | Your ally Herok died
 56504 | Shoals:2 | Reached skill level 5 in Charms
 57308 | Shoals:4 | Entered Level 4 of the Shoals
 57308 | Shoals:4 | Noticed Louise
 57315 | Shoals:4 | Killed Louise
 57359 | Shoals:4 | Got a wavering ruby amulet
 57361 | Shoals:4 | Identified the amulet of the Barnacle {Inacc +Inv rF+ rN+ Int-3} (You found it on level 4 of the Shoals)
 57399 | Shoals:4 | Gained Bogbrand as an ally
 57448 | Shoals:4 | Noticed Ilsuiw
 57460 | Shoals:4 | Killed Ilsuiw
 57460 | Shoals:4 | Reached skill level 23 in Axes
 57466 | Shoals:4 | Your ally Bogbrand died
 57495 | Shoals:4 | Your ally Borgun died
 57498 | Shoals:4 | HP: 5/194 [merfolk/glaive (14)]
 57825 | Shoals:4 | HP: 5/194 [merfolk javelineer/javelin (20)]
 57854 | Shoals:4 | Your ally Oruk died
 57856 | Shoals:4 | Your ally Bogrim died
 58422 | Depths:1 | Entered Level 1 of the Depths
 58427 | Depths:1 | Found Mad Gasa's Antique Weapon Shoppe.
 58642 | Depths:1 | Found Ludwixar's Antique Weapon Boutique.
 58658 | Depths:1 | Found Komm's Weapon Shoppe.
 58720 | Depths:1 | Found a gateway to Hell.
 58761 | Depths:1 | Found Deosm's Magic Scroll Shop.
 58770 | Depths:1 | Gained Dorog as an ally
 58775 | Depths:1 | Gained Warbeogh as an ally
 58789 | Depths:1 | Found a flickering gateway to a bazaar.
 58804 | Bazaar   | Entered a bazaar
 58806 | Bazaar   | Found Teklous's Book Emporium.
 58810 | Bazaar   | Found Eckoher's Antique Weapon Shop.
 58817 | Bazaar   | Found Owaujao's Food Shop.
 58835 | Bazaar   | Found Ockuot's General Store.
 58862 | Bazaar   | Bought a bread ration for 45 gold pieces
 58862 | Bazaar   | Bought a meat ration for 45 gold pieces
 58862 | Bazaar   | Bought a bread ration for 45 gold pieces
 58862 | Bazaar   | Bought a bread ration for 45 gold pieces
 58862 | Bazaar   | Bought a meat ration for 45 gold pieces
 58862 | Bazaar   | Bought a bread ration for 45 gold pieces
 58862 | Bazaar   | Bought a bread ration for 45 gold pieces
 59008 | Depths:1 | Learned a level 2 spell: Cure Poison
 59557 | Depths:2 | Found a bloodstained altar of Trog.
 59903 | Depths:2 | Gained Gorm as an ally
 60047 | Depths:2 | Your ally Gorm died
 60699 | Depths:2 | Reached skill level 24 in Axes
 60706 | Depths:2 | Reached XP level 22. HP: 169/204 MP: 35/35
 60899 | Depths:2 | Noticed the Enchantress
 60915 | Depths:2 | Killed the Enchantress
 61051 | Depths:2 | Identified Ucitorchar's Catalogue of Confrontation and Poison
 61067 | Depths:2 | Got an ichor-stained hat
 61078 | Depths:2 | Identified the +0 hat of Yphiac {Stlth+} (You found it on level 2 of the Depths)
 61174 | Depths:2 | Got a faerie dragon armour
 61185 | Depths:2 | Identified the +4 faerie dragon armour {rN+} (You took it off the Enchantress on level 2 of the Depths)
 61877 | Depths:3 | Found a gateway to a ziggurat.
 62306 | Depths:3 | Your ally Dorog died
 63020 | Depths:3 | Found a one-way gate leading to the halls of Pandemonium.
 63259 | Depths:3 | Reached skill level 15 in Armour
 63429 | Depths:3 | Noticed a caustic shrike
 63436 | Depths:3 | Noticed a juggernaut
 63443 | Depths:3 | Killed a caustic shrike
 63609 | Depths:3 | Noticed a caustic shrike
 63615 | Depths:3 | Killed a caustic shrike
 63627 | Depths:3 | Killed a juggernaut
 64702 | Shoals:4 | Got a barnacled rune of Zot
 64831 | Shoals:4 | Reached XP level 23. HP: 201/213 MP: 36/36
 65068 | Shoals:4 | Reached skill level 25 in Axes
 65904 | Vaults:5 | Entered Level 5 of the Vaults
 65949 | Vaults:5 | Your ally Warbeogh died
 66008 | Vaults:5 | Gained Oreg as an ally
 66019 | Vaults:5 | Your ally Oreg died
 66019 | Vaults:5 | HP: 4/215 [yaktaur captain/bolt of frost (22)]
 66055 | Vaults:5 | Mangled by a white very ugly thing

Action                   |  1- 3 |  4- 6 |  7- 9 | 10-12 | 13-15 | 16-18 | 19-21 | 22-24 || total
-------------------------+-------+-------+-------+-------+-------+-------+-------+-------++-------
Melee: War axe           |    99 |   198 |   251 |   437 |       |       |       |       ||   985
       Flail             |       |       |    50 |   274 |    33 |       |       |       ||   357
       Battleaxe         |       |       |       |   127 |   781 |   762 |   884 |   452 ||  3006
       Halberd           |       |       |       |     1 |       |       |       |       ||     1
       Great mace        |       |       |       |       |       |    32 |    21 |       ||    53
       Dire flail        |       |       |       |       |       |       |    70 |       ||    70
       Broad axe         |       |       |       |       |       |       |   219 |       ||   219
Throw: Throwing net      |       |       |     2 |     1 |       |       |       |       ||     3
 Cast: Pain              |       |       |    11 |    44 |    13 |     6 |     2 |       ||    76
       Animate Skeleton  |       |       |       |    17 |     3 |       |       |       ||    20
       Vampiric Draining |       |       |       |     5 |    23 |     3 |       |       ||    31
       Regeneration      |       |       |       |       |    68 |    73 |    61 |    32 ||   234
       Animate Dead      |       |       |       |       |    32 |    49 |    57 |    18 ||   156
       Stoneskin         |       |       |       |       |     9 |    14 |     1 |       ||    24
       Cigotuvi's Embrac |       |       |       |       |       |     6 |    35 |    13 ||    54
       Cure Poison       |       |       |       |       |       |       |       |     1 ||     1
Invok: Convert to Beogh  |       |       |     1 |       |       |       |       |       ||     1
       Smiting           |       |       |       |     9 |    11 |    15 |    32 |    12 ||    79
       Recall Orcish Fol |       |       |       |     6 |    29 |    48 |    41 |     8 ||   132
       Give Item to Name |       |       |       |     2 |     7 |     5 |     9 |     1 ||    24
 Abil: Evoke Flight      |       |       |     5 |       |       |       |       |       ||     5
Evoke: Wand              |       |     4 |     1 |     3 |     2 |     2 |     3 |    22 ||    37
  Use: Scroll            |       |     8 |     5 |    14 |    23 |    10 |    24 |     7 ||    91
       Potion            |       |       |    10 |    10 |    11 |     6 |    16 |     6 ||    59
 Stab: Distracted        |       |       |     1 |     4 |    11 |    13 |    15 |     7 ||    51
       Paralysed         |       |       |     2 |       |       |       |     2 |       ||     4
       Sleeping          |       |       |     3 |     5 |    12 |    11 |    15 |       ||    46
       Invisible         |       |       |     2 |     2 |       |     1 |       |     1 ||     6
       Held in net/web   |       |       |       |     1 |       |       |       |       ||     1
       Confused          |       |       |       |     1 |       |       |       |       ||     1
  Eat: Chunk             |       |     6 |     3 |    22 |    36 |    32 |    28 |    10 ||   137
       Meat ration       |       |       |     3 |     3 |     4 |     4 |     9 |     4 ||    27
       Royal jelly       |       |       |       |     1 |     2 |       |       |       ||     3
       Fruit             |       |       |       |       |     6 |       |     2 |       ||     8
       Pizza             |       |       |       |       |     9 |       |     1 |       ||    10
       Beef jerky        |       |       |       |       |       |     7 |     4 |       ||    11
